cohdb
Replays
Latest Replays
All Replays
Popular Replays
Top Player Replays
Match Explorer
How It Works
Community
CoH3 Stats
Reddit
Sign in to upload your games and track your stats! →
Sign in with Steam
Match 37433850
Unlisted
Match 37433850
Overview
Messages
Build Orders
End
Panzergrenadier Squad
Panzergrenadier Squad
250 Light Carrier
Construct Light Support Kompanie
MG34 Team
Combat Half-tracks
Fire Support Elements
Pak 38 Mechanized Group
MG34 Team
2.5-tonne Medical Truck
Construct Panzerarmee Kommand
Panzer III L Medium Tank
Vehicle Survival Package
Panzer III L Medium Tank
Selects Armored Support Battlegroup
Selects Veteran Gunners
Selects Salvage Kits
Selects Panzer Storm
Panzer III L Medium Tank
MG34 Team
Panzer III L Medium Tank
Tungsten Core Ammunition
Selects Stuka Anti-tank Loiter
Panzer III L Medium Tank
Stuka Anti-tank Loiter
Selects Flammpanzer III Medium Tank
Selects Battlefield Salvage
Panzer III L Medium Tank
Panzer III L Medium Tank
Emergency Repair Kits
Battlefield Salvage
Stuka Anti-tank Loiter
Advanced Optics
Rapid Advance
MMMerVVV
soldmydadformeth
Ceaice
Ra11
Hawker Typoon
Ju 87 Scuba Dive Boner
0
0
Comments
sign in to comment!
No comments posted yet!